[Event "Sardinia World Festival-A 2024"]
[Site "Orosei"]
[Date "2024.04.30"]
[Round "4.25"]
[White "Olsen, Filip Boe"]
[Black "Nandhidhaa, P V"]
[Result "1-0"]
[ECO "E04"]
[WhiteElo "2440"]
[BlackElo "2276"]
[Annotator "TA"]
[PlyCount "103"]
[EventDate "2024.04.26"]
[EventType "swiss"]
[EventCountry "ITA"]
[SourceTitle "playchess.com"]
[Source "ChessBase"]
[SourceQuality "1"]
[TimeControl "40/5400+30:1800+30"]

1. d4 Nf6 2. c4 e6 3. Nf3 d5 4. g3 dxc4 5. Bg2 Nbd7 6. O-O c6 7. a4 a5 8. Nfd2 Nb6 9. e3 e5 10. dxe5 {[%emt 0:04:05] White is slightly better.} Ng4 11. Nf3 Qxd1 12. Rxd1 Nd7 {[%emt 0:01:19] [#]} 13. e6 fxe6 14. Nbd2 Nge5 $1 15. Nxe5 Nxe5 16. f4 Nd3 (16... Nf7 $1 $14) 17. Nxc4 $16 Nxc1 18. Raxc1 Bb4 19. Rd3 $36 {[%emt 0:13:47][%mdl 2048] Keeping Black busy. White has more active pieces.} Ke7 (19... Be7 $16 20. h4 g6) 20. Rcd1 $18 Bc5 (20... Re8 $16 {was necessary.} 21. Be4 e5) 21. h4 Ra6 (21... Re8 $142 22. Be4 g6) 22. Ne5 Rb6 23. b3 Rb4 24. Kf2 $1 Bb6 {[%emt 0:03:34] [#]} 25. Rd7+ $1 Bxd7 26. Rxd7+ Kf8 27. Nc4 $2 (27. Rxb7 $2 Bxe3+ (27... Rxb3 $2 28. Nd7+ Kg8 29. Bh3 $18) 28. Kxe3 Rxb7 $19) ({White should play} 27. Rf7+ $18 Kg8 28. Bh3) 27... g6 $1 $11 28. Ke2 (28. Rxb7 $2 Bxe3+ 29. Kxe3 Rxb7 $17) 28... Bc5 $1 29. Nxa5 b6 30. Nc4 {[%emt 0:10:38] With the idea Rd8+.} b5 (30... Rxb3 $11 31. Bxc6 h5 (31... Rc3 32. Bb5 $16)) 31. axb5 $16 cxb5 32. Nd2 Be7 {[%emt 0:04:12] [#]} 33. Kd3 (33. Bh3 $1 $16 e5 (33... Kf7 $2 34. Nf3 $18) 34. fxe5) 33... Kf7 $11 34. Bb7 (34. Rc7 $5 Rd8+ $8 35. Kc3 Rxd2 36. Kxd2 Rxb3 37. Ke2 $11) 34... Rd8 35. Rxd8 Bxd8 {[%emt 0:00:04][%mdl 4096] Endgame. KRB-KBN} 36. Kc2 {[%emt 0:00:12] Nf3 is the strong threat.} (36. Kc3 $5 Ba5 $8 37. Kc2 $14) 36... Bb6 37. Nf3 {[%emt 0:00:51] Strongly threatening Ne5+.} (37. Kc3 $5 Ba5 $8 38. Kc2 $11) 37... Bxe3 $2 {[%emt 0:01:39][%mdl 8192] [#] Black is on the road to losing.} (37... Kg7 $11 {and Black stays safe.}) 38. Kc3 $1 $18 Rxb3+ 39. Kxb3 Bf2 40. g4 Bg3 41. Kb4 Bxf4 42. Kxb5 Kf6 43. Be4 Bg3 44. Kc6 Bxh4 $2 (44... Bf4 $18 45. Kd7 Bg3) 45. Nxh4 {[%emt 0:00:11] White mates.} Kg5 46. Ng2 Kxg4 47. Kd6 h5 48. Bxg6 h4 49. Ke5 h3 50. Nf4 h2 51. Be4 $1 (51. Nxe6 h1=Q (51... h1=R 52. Bh5+ Kh4 53. Bf7 $11) 52. Be4 Qa1+ 53. Kd6 Qd1+ 54. Ke5 Qc1 55. Bf5+ Kf3 56. Nd4+ Ke3 57. Nc2+ Kd2 $19) 51... Kg3 52. Nd3 {[%emt 0:01:20] Weighted Error Value: White=0.13 (very precise) /Black=0.35.  Loses game:     	---       	Black=1      Missed win:     	White=1     	---        Mistake:       	White=1     	Black=6      Inaccurate:     	---       	Black=3      OK:         	White=20    	Black=11     Best:        	White=2     	Black=3      Strong:       	White=2     	Black=3      Brilliant:      	White=1     	---} 1-0

[Event "Sardinia World Festival-A 2024"]
[Site "Orosei"]
[Date "2024.04.30"]
[Round "4.26"]
[White "Perossa, Nicolas"]
[Black "Ben Ari, Yannay"]
[Result "0-1"]
[ECO "B30"]
[WhiteElo "2269"]
[BlackElo "2436"]
[Annotator "TA"]
[PlyCount "68"]
[EventDate "2024.04.26"]
[EventType "swiss"]
[EventCountry "ITA"]
[SourceTitle "playchess.com"]
[Source "ChessBase"]
[SourceQuality "1"]
[TimeControl "40/5400+30:1800+30"]

1. e4 c5 2. Nf3 e6 3. g3 Nc6 4. Bg2 Nf6 5. d3 d6 6. O-O Be7 7. Re1 O-O 8. c3 Bd7 9. Na3 Rc8 10. Nc2 b5 11. a4 {[%emt 0:03:56] White has an edge.} b4 12. c4 Ng4 13. b3 Bf6 (13... Nge5 $15) 14. d4 $14 Qb6 15. h3 Nxf2 16. Kxf2 cxd4 17. Qd3 (17. Kf1 $5) 17... e5 18. Bb2 (18. Re2 $14) 18... Na5 $11 19. Rad1 Be6 (19... Nb7 {is more complex.} 20. Qd2 a5 21. Ncxd4 exd4 22. Bxd4 Bxd4+ 23. Nxd4 Nc5) 20. Ncxd4 exd4 21. Bxd4 Bxd4+ 22. Qxd4 (22. Nxd4 $11 Nb7 23. Qe3) 22... Nxb3 $17 23. Qxb6 axb6 24. Rxd6 Rxc4 (24... Nc5 $142 {...Rfd8 would now be deadly.} 25. Bf1 Rb8 (25... Nxa4 26. Nd4 $17)) 25. Rxb6 Nc5 26. Ne5 {[%emt 0:01:12] [#] Inhibits Nd3+. Now White is beyond hope.} (26. Bf1 $17 {was worth a try.} Nxa4 (26... Rxe4 27. a5 $15) (26... Nxe4+ $2 {perishes.} 27. Ke3 $18) (26... Rc2+ 27. Kg1 $17) 27. Bxc4 Nxb6 28. Bxe6 fxe6 29. Rc1 (29. Rb1 $2 Nc4 $19)) 26... Rc2+ $19 27. Re2 $2 (27. Kg1 {is a better defense.}) 27... b3 {[%emt 0:00:15] Black is clearly winning.} ({Stronger than} 27... Nxa4 28. Rxb4 Rc5 29. Nd3 $11) 28. Ke3 (28. Bf3 $142) 28... Rxe2+ 29. Kxe2 Nxa4 30. Rb4 b2 31. Kd2 Ba2 32. Kc2 Rc8+ 33. Nc6 Rxc6+ 34. Kd2 b1=Q {[%emt 0:00:12] Weighted Error Value: White=1.11/Black=0.14 (very precise) .  Loses game:     	White=1     	---        Mistake:       	White=4     	Black=2      Inaccurate:     	White=2     	Black=1      OK:         	White=2     	Black=6      Best:        	White=2     	Black=4} 0-1

[Event "Sardinia World Festival-A 2024"]
[Site "Orosei"]
[Date "2024.04.30"]
[Round "4.27"]
[White "Trost, Edvin"]
[Black "Kanyamarala, Tarun"]
[Result "1/2-1/2"]
[ECO "B41"]
[WhiteElo "2434"]
[BlackElo "2293"]
[Annotator "TA"]
[PlyCount "72"]
[EventDate "2024.04.26"]
[EventType "swiss"]
[EventCountry "ITA"]
[SourceTitle "playchess.com"]
[Source "ChessBase"]
[SourceQuality "1"]
[TimeControl "40/5400+30:1800+30"]

1. e4 c5 2. Nf3 e6 3. d4 cxd4 4. Nxd4 a6 5. c4 Nf6 6. Nc3 Bb4 7. Qd3 d5 8. exd5 exd5 9. Be2 {[%emt 0:00:07] The position is equal.} O-O 10. O-O Nc6 {[%emt 0:00:21] Threatens to win with ...dxc4.} 11. Nxc6 (11. cxd5 {with more complications.} Nxd5 12. Nxc6 bxc6 13. Nxd5 Qxd5 14. Qg3) 11... bxc6 12. cxd5 Nxd5 13. Nxd5 Qxd5 14. Qg3 (14. Qxd5 {simplifies} cxd5 15. Bf4 Be6 16. a3) 14... Bf5 15. Bf3 Qe6 16. Bf4 Rad8 17. Rfc1 Rfe8 $1 18. Bxc6 (18. Rxc6 $2 Qe1+ 19. Rxe1 Rxe1#) 18... Rd3 $1 19. Be3 $40 {[%emt 0:15:11][%mdl 128] [#] White attacks.} Bd2 20. Bxe8 $16 {[%emt 0:01:48][%cal Og3b8] aiming for Qb8!} Bxc1 21. Bxf7+ Kxf7 22. Rxc1 Qxa2 23. Qf4 Qd5 {[%emt 0:00:49] ( -> ...Rd1+)} 24. h3 Qe4 25. Rc7+ Kg8 26. Qg5 ({Don't take} 26. Rc8+ Kf7 27. Rc7+ Kg8) (26. Qg3 $142 Bd7 27. Ra7) 26... Rd7 {[%emt 0:01:06] [#]} (26... Bd7 $16 {might work better.}) 27. Bd4 $4 h6 $19 28. Rxd7 hxg5 29. Rxg7+ Kf8 30. Rxg5 Qxd4 31. Rxf5+ {[%emt 0:00:09][%mdl 4096] Endgame. KQ-KR} Ke7 32. Ra5 Qd1+ (32... Qxb2 33. Rxa6 Qc1+ 34. Kh2 $17) 33. Kh2 Qd6+ 34. Kg1 Qd1+ 35. Kh2 Qd6+ 36. Kg1 Qd1+ $2 {[%emt 0:00:41] Weighted Error Value: White=0.30/Black=0.45.  Loses game:     	White=1     	Black=1      Missed win:     	White=1     	Black=1      Mistake:       	White=1     	Black=1      Inaccurate:     	White=2     	Black=1      OK:         	White=13    	Black=9      Best:        	White=4     	Black=5      Strong:       	---       	Black=2} (36... Kd7 $19 37. Ra3 Qd1+ 38. Kh2 Qe2) 1/2-1/2

[Event "Sardinia World Festival-A 2024"]
[Site "Orosei"]
[Date "2024.04.30"]
[Round "4.28"]
[White "Van Zyl-Rudd, Jack"]
[Black "Kanov, Nikola"]
[Result "0-1"]
[ECO "D35"]
[WhiteElo "2261"]
[BlackElo "2423"]
[Annotator "RC"]
[PlyCount "76"]
[EventDate "2024.04.26"]
[EventType "swiss"]
[EventCountry "ITA"]
[SourceTitle "playchess.com"]
[Source "ChessBase"]
[SourceQuality "1"]
[TimeControl "40/5400+30:1800+30"]

1. d4 Nf6 2. c4 e6 3. Nc3 d5 4. cxd5 exd5 5. Bg5 c6 6. e3 Be6 7. Bd3 Nbd7 8. Nge2 h6 9. Bh4 g5 10. Bg3 Nh5 11. Qc2 Nxg3 12. hxg3 Qe7 13. O-O-O O-O-O 14. f3 Kb8 15. g4 Bg7 16. Kb1 Rhe8 17. Na4 Nb6 18. Nxb6 axb6 19. Ng3 Bc8 20. Bf5 Qd6 21. Rh3 Be6 22. Rc1 Rc8 23. Qb3 c5 24. Qa3 Rc6 25. Bc2 Rec8 26. Ba4 R6c7 27. Ne2 f5 28. Nc3 Bd7 29. gxf5 Bxf5+ 30. Bc2 Bd7 31. Rhh1 Qe6 32. Rhd1 Bf8 33. dxc5 Rxc5 34. Qb3 Bg7 35. Rxd5 Rxc3 36. bxc3 Rxc3 37. Qb4 Qxd5 38. Rd1 Qb5 0-1

[Event "Sardinia World Festival-A 2024"]
[Site "Orosei"]
[Date "2024.04.30"]
[Round "4.29"]
[White "Aizenberg, Benny"]
[Black "Iliaguev, Daniel"]
[Result "1-0"]
[ECO "E20"]
[WhiteElo "2409"]
[BlackElo "2177"]
[Annotator "TA"]
[PlyCount "75"]
[EventDate "2024.04.26"]
[EventType "swiss"]
[EventCountry "ITA"]
[SourceTitle "playchess.com"]
[Source "ChessBase"]
[SourceQuality "1"]
[TimeControl "40/5400+30:1800+30"]

1. d4 Nf6 2. c4 e6 3. Nc3 Bb4 4. f3 d5 5. a3 Bxc3+ 6. bxc3 h6 7. cxd5 exd5 8. e3 b6 9. Bd3 {[%emt 0:00:20] White has an edge.} Qd7 (9... c5 $11) 10. Ne2 $16 Ba6 11. O-O Bxd3 12. Qxd3 Nc6 13. e4 O-O-O 14. a4 Na5 15. Ba3 Nc4 16. Nf4 $2 (16. e5 $16 Ne8 17. a5) 16... Nxa3 $1 $15 {[%emt 0:03:58] Excellent horsemanship.} 17. Qa6+ (17. Rxa3 Qd6 18. Raa1 Qxf4 $19) 17... Kb8 18. Rxa3 (18. e5 $1 $15 Nc2 19. Ra2) 18... Qd6 (18... dxe4 $17 {...Qd6 is the strong threat.} 19. a5 g5) 19. Nd3 $1 $11 dxe4 $1 (19... Qxa3 $2 20. Nc5 $18) 20. Ne5 Rhe8 $36 {[%emt 0:21:44][%cal Bh8e8,Be8e5,Be5h5][%mdl 2080] White is under pressure.} (20... Qxa3 21. Nc6+ Ka8 22. Qxa7#) 21. a5 {[%emt 0:15:13] axb6 would now be deadly.} Rxe5 (21... Qxa3 22. Nc6+ Ka8 23. Qxa7#) 22. axb6 Rh5 $1 23. Qxa7+ Kc8 24. b7+ ({White should play} 24. h3 $1 $15 Qxb6 (24... cxb6 25. fxe4 Qc7 26. Qa6+ Qb7 27. Qxb7+ Kxb7 28. e5 $17) 25. fxe4 Qxa7 26. Rxa7) 24... Kd7 $17 25. g3 exf3 26. c4 {[%emt 0:04:53][%cal Oa3b3] [#]} f2+ $2 27. Rxf2 $11 {[%emt 0:00:17] And now c5 would win.} Qb4 {[%emt 0:00:22] [#]} 28. Ra1 (28. Qa8 $1 $16) 28... Re8 29. Qa8 Re1+ $2 (29... Qxc4 $11 {and Black stays safe.} 30. Qxe8+ (30. b8=B $2 Rb5 $19) (30. b8=Q Rxb8 31. Qxb8 Ng4 $11) 30... Nxe8) 30. Rf1 $2 (30. Kg2 $18 {Hoping for Qc8+.} Re8 31. h4) 30... Rxf1+ $2 (30... Rxa1 $11 {and Black is okay.} 31. b8=N+ (31. b8=Q Rxf1+ 32. Kxf1 Qxc4+ 33. Kg1 Qc1+ 34. Kg2 Qd2+ 35. Kg1 Qxh2+ 36. Kf1 Rf5+ 37. Ke1 Qxg3+ 38. Kd1 Rf1+ 39. Kc2 Rf2+ 40. Kd1 Qg1#) (31. Rxa1 Qd2 $11) 31... Kc8 32. Rxa1 (32. Na6+ Kd7 $11) 32... Qb7 (32... Qxb8 $2 33. Qc6 $18) 33. Qxb7+ Kxb7 34. Rb1+ Kc8) 31. Rxf1 $18 Qd2 $2 (31... Qb2 32. b8=N+ (32. b8=R $2 Qxh2#) (32. Qc8+ Kd6 $11) 32... Kd8 33. Na6+ Kd7 34. Nc5+ Rxc5 35. dxc5 Qe2) 32. Qc8+ (32. b8=R $2 Qxh2#) (32. b8=N+ Ke7 33. Nc6+ Kd6 34. c5+ Kd7 35. Ne5+ Ke7 $11) 32... Kd6 {[%emt 0:00:15] [#]} 33. Qf8+ $1 (33. b8=B $2 Qxh2#) 33... Ke6 34. d5+ {[%emt 0:00:31] ?ev?.} (34. b8=B $2 Qxh2#) (34. Rxf6+ Kxf6 35. Qe8 Qxd4+ (35... Qxh2+ 36. Kf1 Qh1+ 37. Ke2 Rh2+ 38. Kd3 Qb1+ 39. Ke3 Qe1+ 40. Kd3 Rd2+ 41. Kc3 Qc1+ 42. Kb4 Qb1+ 43. Ka5 Qb6+ 44. Ka4 Ra2#) 36. Kh1 Qd1+ (36... Qxc4 $2 37. Qe1 $19) (36... Qa1+ 37. Kg2 Qa2+ 38. Kg1 Qxh2+ 39. Kf1 Qh1+ 40. Ke2 Rh2+ 41. Kd3 Qb1+ 42. Ke3 Qe1+ 43. Kd4 Rd2+ 44. Kc5 Qg1+ 45. Kb4 Qb1+ 46. Ka5 Qb6+ 47. Ka4 Ra2#) 37. Kg2 Qc2+ 38. Kg1 Qxh2+ (38... Qxc4 $2 39. h4 $19) (38... Qb1+ 39. Kg2 Qa2+ 40. Kg1 Qxh2+ 41. Kf1 Qh1+ 42. Ke2 Rh2+ 43. Kd3 Qb1+ 44. Ke3 Qe1+ 45. Kd3 Rd2+ 46. Kc3 Qc1+ 47. Kb4 Qb1+ 48. Ka5 Qb6+ 49. Ka4 Ra2#) 39. Kf1 Qh1+ (39... Qxg3 $2 40. Qc6+ Ke7 41. Qe4+ Re5 42. Qxe5+ Qxe5 43. b8=Q $19) (39... Rf5+ 40. Ke1 Qg1+ 41. Kd2 Qd4+ 42. Ke1 Qa1+ 43. Ke2 Qf1+ 44. Kd2 Rf2+ 45. Ke3 Rf3+ 46. Kd4 Qd1+ 47. Kc5 Qd6+ 48. Kb5 Rb3+ 49. Ka5 Qb6+ 50. Ka4 Qb4#) 40. Ke2 Rh2+ (40... Qxb7 41. Qd8+ Kg6 42. Qd4 Qg2+ 43. Kd3 Qxg3+ 44. Qe3 Qd6+ 45. Kc2 Rh2+ 46. Kb3 Qd1+ 47. Ka3 Qa1+ 48. Kb4 Qb1+ 49. Qb3 c5+ 50. Kb5 Qxb3+ 51. Kc6 Qb8 52. Kd5 Rd2+ 53. Kxc5 Qd6+ 54. Kb5 Rb2+ 55. Ka5 Qa3#) 41. Kd3 Qb1+ (41... Qxb7 $2 42. Qe3 $19) 42. Ke3 Qe1+ (42... Qxb7 $2 43. Qb5 $19) 43. Kd4 Rd2+ (43... Qxe8 44. b8=B Rd2+ 45. Kc3 Qe3+ 46. Kb4 Rb2+ 47. Ka4 Qb3+ 48. Ka5 Qa3#) 44. Kc5 Qg1+ (44... Qxe8 45. Kb4 Rb2+ 46. Kc3 Qe5+ 47. Kd3 c5 48. g4 Qd4#) 45. Kb4 Qb1+ (45... Qxg3 $2 46. b8=Q $19) 46. Ka5 Qb6+ 47. Ka4 Ra2#) 34... Ke5 35. Qe7+ (35. b8=B $2 Qxh2#) 35... Kd4 36. Rf4+ (36. b8=B $2 Qxh2#) 36... Ne4 37. Qxe4+ (37. b8=B {gets mated.} Qxh2+ 38. Kf1 Qh1+ (38... Qxg3 39. Qxe4+ Kc3 40. Rf3+) 39. Ke2 Rh2+) 37... Kc5 38. Qe7+ {[%emt 0:24:51] Weighted Error Value: White=0.40/Black=0.69.  Loses game:     	---       	Black=2      Missed win:     	White=1     	Black=1      Mistake:       	White=4     	Black=3      Inaccurate:     	---       	Black=2      OK:         	White=7     	Black=4      Best:        	White=4     	Black=3      Strong:       	White=1     	Black=3} 1-0

[Event "Sardinia World Festival-A 2024"]
[Site "Orosei"]
[Date "2024.04.30"]
[Round "4.30"]
[White "Cina`, Vittorio"]
[Black "Atanasov, Anthony"]
[Result "1/2-1/2"]
[ECO "A07"]
[WhiteElo "2165"]
[BlackElo "2407"]
[Annotator "TA"]
[PlyCount "97"]
[EventDate "2024.04.26"]
[EventType "swiss"]
[EventCountry "ITA"]
[SourceTitle "playchess.com"]
[Source "ChessBase"]
[SourceQuality "1"]
[TimeControl "40/5400+30:1800+30"]

1. Nf3 d5 2. g3 c6 3. Bg2 Nf6 4. O-O Bf5 5. d3 h6 6. c4 Nbd7 7. cxd5 cxd5 8. Nc3 {[%emt 0:00:17][%cal Oe2e4] aiming for e4!} e6 {[%emt 0:01:20] White is slightly better.} 9. Qb3 Nc5 10. Qc2 Rc8 11. Be3 a6 (11... Be7 $11) 12. Rac1 {[%emt 0:07:36] Threatens to win with Na4.} Ncd7 {[%emt 0:21:02] [#]} 13. Qb3 $1 b5 14. Nb1 Bd6 15. Rxc8 Qxc8 16. Rc1 Qb7 (16... Qb8 $11) 17. Qc2 $16 {[%emt 0:01:41] Hoping for Qc8+.} Ke7 18. Nd4 Re8 19. Qc6 Qxc6 20. Nxf5+ (20. Nxc6+ $6 Kf8 $11) 20... exf5 21. Rxc6 Nb8 22. Rc2 {[%emt 0:00:59] White is more active.} (22. Rb6 $142 {And now Nc3 would win.} Rc8 23. Nc3) 22... Kd7 23. Bd4 {[%emt 0:01:45] A strong pair of Bishops.} (23. a4 $16) 23... Be5 $11 24. Bxe5 Rxe5 25. a3 Nc6 26. e3 {[%emt 0:00:04] Repels Nd4} Re6 27. Nd2 Ne5 28. Nb3 Rb6 (28... Nxd3 $2 {too greedy.} 29. Bf1 (29. Rd2 Ne5 $16) 29... Ne5 (29... Ne1 $2 30. Nc5+ Ke7 31. Rc1 $18) 30. Nc5+ Kd8 31. Nxe6+ fxe6 32. a4 $18) 29. Bf1 Kd6 30. Be2 Nc6 31. d4 a5 32. Rc5 a4 33. Nc1 (33. Rxb5 $2 {is the wrong capture.} Rxb5 34. Bxb5 axb3 $19) 33... Na7 34. Na2 Ne4 35. Rc2 $36 {[%emt 0:00:39][%mdl 2048] White is in control.} Rc6 36. Rxc6+ Kxc6 $16 {[%emt 0:00:02][%mdl 4096] Endgame. KBN-KNN} 37. Nb4+ Kd6 38. Kf1 Nd2+ 39. Ke1 Nc4 40. Bxc4 bxc4 $14 {[%emt 0:01:10] KN-KN} (40... dxc4 $14 41. f3 g6) 41. Na6 (41. Kd2 $142) 41... c3 $16 {[%emt 0:02:32] [#]} 42. bxc3 (42. Kd1 $1 $16) 42... Nb5 $11 {[%emt 0:00:11][%csl LRa3,LRc3] The position is equal.} 43. Nc5 Nxc3 44. Kd2 Nb1+ 45. Kd3 Nxa3 46. Nxa4 Nc4 47. f3 Na5 48. Nc3 Ke6 49. Ne2 {[%emt 0:03:04] Weighted Error Value: White=0.13 (very precise) /Black=0.18 (very precise) .  Mistake:       	White=4     	Black=3      Inaccurate:     	White=3     	Black=3      OK:         	White=17    	Black=18     Best:        	White=2     	Black=6      Strong:       	White=1     	---} 1/2-1/2

[Event "Sardinia World Festival-A 2024"]
[Site "Orosei"]
[Date "2024.04.30"]
[Round "4.31"]
[White "Vergara Anton, Diego"]
[Black "Nurgaliyeva, Zarina"]
[Result "1-0"]
[ECO "A13"]
[WhiteElo "2387"]
[BlackElo "2109"]
[Annotator "TA"]
[PlyCount "143"]
[EventDate "2024.04.26"]
[EventType "swiss"]
[EventCountry "ITA"]
[SourceTitle "playchess.com"]
[Source "ChessBase"]
[SourceQuality "1"]
[TimeControl "40/5400+30:1800+30"]

1. Nf3 d5 2. e3 Nf6 3. c4 e6 4. Nc3 Be7 5. b3 O-O 6. Bb2 b6 7. cxd5 {[%emt 0:00:46] A13: English Opening: 1...e6.} exd5 8. d4 c5 9. Bd3 Nc6 {[%emt 0:04:59] 9...Bb7 is vanishing.} 10. dxc5 bxc5 11. O-O h6 12. Rc1 Be6 $146 ({Predecessor:} 12... Nb4 13. Bb1 Bg4 14. h3 Bh5 15. a3 Nc6 16. Na4 Na5 17. Nxc5 Bxf3 18. Qxf3 Bxc5 19. Rxc5 Nxb3 20. Bxf6 Qxf6 21. Qxf6 gxf6 22. Rxd5 {1-0 Baliuniene,M (1897)-Steingrimsson,K (1664) Reykjavik op 2017 (4)}) 13. Na4 Nd7 14. Bb1 Rc8 15. Qd3 f5 16. Rfd1 Qc7 17. Qe2 Bd6 18. h3 Qb8 19. Nc3 Nf6 20. Nb5 Ne4 21. Nxd6 Qxd6 22. Ba3 Nd8 23. Bd3 Qb6 24. Ne5 Nb7 25. Ng6 Rf7 26. Nf4 g5 27. Nh5 Nf6 (27... Rcf8 {was worth a try.} 28. Bb2 Qc7) 28. Bb2 $18 Nxh5 (28... Nd7 $142 29. Bb5 Qd6) 29. Qxh5 $18 Kh7 30. h4 Rg8 31. hxg5 Rxg5 32. Qh2 d4 $2 (32... Nd6 33. f3 Rd7) 33. exd4 $18 Bd5 34. dxc5 $2 (34. Qe5 Rxg2+ 35. Kf1) 34... Qc6 $2 (34... Nxc5 35. Bf1 f4) 35. Bf1 f4 36. Rxd5 Rxd5 37. Bc4 Nxc5 38. Qh3 (38. Bxd5 Qxd5 39. Qh3 Nd3 $18) 38... Ne4 39. Bd3 Qg6 $2 (39... Rxd3 $18 40. Qxd3 (40. Rxc6 Rxh3 41. gxh3 Rf8 $18) 40... Rd7) 40. Rc4 $2 (40. Qc8 {mates} Rg7 41. Bxg7 Kxg7 42. Rc7+ Qf7 43. Bxe4 (43. Rxf7+ Kxf7 44. Bxe4 Rd1+ 45. Kh2 Rd6 $18) 43... Rd1+ 44. Kh2 Qxc7 45. Qxc7+ Kf6 46. Bf3 (46. Qxa7 Ke6 $18)) 40... Rxd3 $18 41. Qxd3 Ng5 $2 (41... Nf6 42. Qxg6+ Kxg6 43. Rxf4 Nd5) 42. Qxg6+ $2 (42. Qc3 Qb1+ 43. Kh2) 42... Kxg6 $18 43. f3 Ne6 44. Kf2 Rd7 45. Ke2 Rd5 46. Ra4 Rc5 47. Rc4 $2 (47. Rxa7 Rc2+ 48. Kf1 Rxb2 $19) (47. Kf1 $16) 47... Ra5 $2 (47... Rd5 $1 $11 48. Re4 Rd6) 48. a4 $18 Rg5 49. Kf1 Rd5 50. Bc3 Nc5 (50... a5 $142 51. Ke2 Nc5 52. Bxa5 (52. Rxf4 Nxb3 53. Rf6+ Kh7 $18) 52... Nxb3) 51. Rd4 $18 Rf5 52. Rb4 ({Much less strong is} 52. Rd6+ Kh7 53. a5 Nxb3 54. Rd7+ Kg6 55. Rg7+ (55. Rxa7 Rc5 $18) 55... Kh5 56. Rxa7 Rc5 $18) 52... Rh5 53. Rxf4 Rh1+ 54. Ke2 Nxb3 55. Rf6+ Kg5 56. Ra6 Rc1 57. Bg7 Rc2+ 58. Kf1 h5 59. Rxa7 h4 (59... Kg6 {keeps fighting.} 60. Bh8 Nd2+ 61. Ke2 Nb3+ 62. Ke3 Ra2) 60. a5 Rc1+ 61. Kf2 Rc2+ 62. Kg1 Nc1 63. Be5 Nd3 64. Bd4 (64. Rg7+ Kf5 $18) 64... Nf4 65. Rg7+ Kh6 66. Rg4 Ne2+ 67. Kh2 Ra2 68. Be3+ Kh5 (68... Kh7 $18 69. Rxh4+ Kg8) 69. a6 h3 70. Kxh3 (70. gxh3 Nc3+ 71. Rg2 Rxa6 72. Rg5+ Kh4 $18) 70... Ng1+ 71. Bxg1 Ra1 72. a7 1-0